Map: Washout LE

Players

sebesdes

  • Race: Protoss Protoss
  • League: Grandmaster
  • Spawn Location: 7:00

lorimbo - Winner!

  • Race: Zerg Zerg
  • League: Grandmaster
  • Spawn Location: 1:00

Event: HomeStory Cup XXIX

VOD

Have the link to the VOD?

Description

Time

  • Played on: July 3, 2026, 2:02 p.m.
  • Length: 4:17

All games in this series

Show
View Real Time Build Order
Export as new Build Order

sebesdes Protoss 

Build Orders:  

Get SALT Encoding   

  8  0:00  Probe (Chrono Boost)  
  9  0:12  Probe (Chrono Boost)  
  10  0:17  Probe (Chrono Boost)  
  11  0:26  Probe  
  12  0:32  Pylon  
  12  0:38  Probe  
  13  0:50  Probe  
  13  0:56  Gateway  
  14  1:03  Probe  
  15  1:10  Assimilator  
  15  1:15  Probe  
  16  1:27  Probe  
  17  1:39  Probe  
  18  1:42  Zealot (Chrono Boost)  
  18  1:45  Cybernetics Core  
  20  1:55  Pylon  
  20  2:04  Probe  
  21  2:12  Zealot (Chrono Boost)  
  23  2:16  Probe  
  24  2:28  Probe  
  25  2:30  Adept (Chrono Boost)  
  27  2:46  Probe  
  26  2:54  Shield Battery  
  26  3:03  Stalker (Chrono Boost)  
  26  3:05  Shield Battery  
  28  3:09  Probe  
  27  3:24  Probe  
  27  3:27  Stalker (Chrono Boost)  
  28  3:36  Probe  
  24  3:47  Stalker  
Show
View Real Time Build Order
Export as new Build Order

lorimbo Zerg - Winner!

Build Orders: Pool First 

Get SALT Encoding   

  8  0:00  Drone  
  9  0:10  Drone  
  10  0:35  Spawning Pool  
  9  0:38  Drone  
  10  0:44  Drone  
  10  0:49  Drone  
  12  1:00  Overlord  
  12  1:22  Zergling x6  
  15  1:34  Zergling x2  
  16  1:45  Zergling x2  
  17  1:55  Hatchery  
  17  1:58  Zergling x2  
  17  2:02  Zergling x2  
  18  2:14  Overlord  
  18  2:24  Zergling x2  
  18  2:35  Zergling x2  
  17  2:45  Zergling x2  
  18  2:52  Zergling x2  
  19  3:03  Zergling x2  
  20  3:07  Queen  
  20  3:08  Drone  
  23  3:15  Zergling x2  
  22  3:23  Spine Crawler  
  22  3:24  Zergling x2  
  22  3:25  Zergling x2  
  22  3:32  Zergling x2  
  23  3:34  Zergling x2  
  23  3:39  Zergling x2  
  23  3:44  Zergling x2  
  22  3:50  Zergling x2  
Tags
 
Add a new tag
Caveats
  • Supply blocks, unpowered buildings, or Contaminate may cause inaccurate times.
  • Supply counts are checked every 10 seconds.